 Dungeon Crawl Stone Soup version 0.18-a0-1044-g2bb894f (console) character file.

221 FIQ the Poker (level 5, -10/42 HPs)
             Began as a Merfolk Gladiator on Jan 11, 2016.
             Was an Initiate of Gozag.
             Mangled by an ogre
             ... wielding a cursed +0 giant club
              (20 damage)
             ... on level 4 of the Dungeon.
             The game lasted 00:04:52 (3415 turns).

FIQ the Poker (Merfolk Gladiator)                   Turns: 3415, Time: 00:04:52

Health: -10/42     AC:  8    Str: 16    XL:     5   Next: 98%
Magic:  5/5        EV: 13    Int:  7    God:    Gozag
Gold:   342        SH:  0    Dex: 15    Spells: 0 memorised, 4 levels left

rFire  + . .     SeeInvis .     a - +0 trident
rCold  . . .     Gourm    .     l - +2 ring mail {rF+}
rNeg   . . .     Faith    .     (no shield)
rPois  .         Spirit   .     c - +0 helmet
rElec  .         Dismiss  .     (no cloak)
rCorr  .         Reflect  .     (no gloves)
SustAt .         Harm     .     (no boots)
MR     .....                    (no amulet)
Stlth  +.........               (no ring)
                                (no ring)

@: not resistant to hostile enchantments, very unstealthy
A: change form in water, swift swim
a: Potion Petition, Call Merchant, Bribe Branch, Renounce Religion


You were on level 4 of the Dungeon.
You worshipped Gozag.
Gozag was noncommittal.
You were not hungry.

You visited 1 branch of the dungeon, and saw 4 of its levels.

You collected 355 gold pieces.
You paid 13 gold pieces to Gozag.

Inventory:

Hand Weapons
 a - a +0 trident (weapon)
Missiles
 d - 4 throwing nets (quivered)
Armour
 c - a +0 helmet (worn)
 l - a +2 ring mail of fire resistance (worn)
Jewellery
 e - an uncursed amulet of the gourmand {unknown}
 p - an uncursed amulet of faith {unknown}
 w - an uncursed amulet of harm {unknown}
 y - an uncursed amulet of regeneration {unknown}
Scrolls
 b - a scroll of remove curse {unknown}
 g - a scroll of fear {unknown}
 h - a scroll of recharging {unknown}
 o - a scroll of random uselessness {unknown}
 q - a scroll of blinking {unknown}
 r - a scroll of enchant weapon {unknown}
 u - a scroll of enchant armour {unknown}
 x - a scroll of magic mapping {unknown}
Potions
 i - a potion of flight {unknown}
 k - a potion of cure mutation
 m - 2 potions of brilliance {unknown}
 n - a potion of mutation {unknown}
 v - a potion of lignification {unknown}
Books
 s - a Grand Grimoire

   Spells                             Type                      Level
   a - Monstrous Menagerie            Summoning                    7
   b - Summon Greater Demon           Summoning                    7
   c - Malign Gateway                 Summoning/Translocation      7
   d - Summon Horrible Things         Summoning                    8
Comestibles
 f - 5 bread rations
 j - 4 meat rations
 t - a slice of pizza


   Skills:
 + Level 3.8 Fighting
 * Level 7.3 Polearms
 - Level 2.0 Throwing
 + Level 5.2 Dodging


You had 4 spell levels left.
You didn't know any spells.

Dungeon Overview and Level Annotations

Branches:
Dungeon (4/15)
 Temple: D:4-7

Altars:
Elyvilon
Fedhas
Gozag
Yredelemnul


Message History

The ogre hits you with a giant club.
You hit the ogre but do no damage.
The ogre is heavily wounded.
The ogre hits you with a giant club!
You hit the ogre.
The ogre is severely wounded.
The ogre hits you with a giant club!
You barely miss the ogre.
The ogre is severely wounded.
You hit the ogre.
The ogre is almost dead.
The ogre hits you with a giant club!
* * * LOW HITPOINT WARNING * * *
You are too injured to fight recklessly!
You are too injured to fight recklessly!
You hit the ogre.
The ogre is almost dead.
The ogre hits you with a giant club!!
You die...
Your body crumbles into a pile of gold.

....####.####.#
..............#
..####..##..###
..####.####.#
.......####.# .#
..........#.## .#
..#######....#######.#
...|...##............#
....##.###...#######.#
. ..#.##.#
##.########.###...
....##.# #.#
#.@O......... ...###.#
#.###.###..>###. #..#
#.# #.##.#.#.....#
#..# #.#
#...###..).......
#..###.#
####.#.#........#
.......# #.###........
##.##### #.# ##.......
#.# # # ....... #.#
######### ......# #..
........#
############.###


You could see an ogre.

Vanquished Creatures
  A scorpion (D:4)
  6 gnolls (D:2)
  3 adders
  2 oozes
  3 worms
  A giant gecko (D:4)
  An orc (D:4)
  5 giant cockroaches
  2 hobgoblins (D:3)
  8 jackals
  2 quokkas (D:2)
  A ball python (D:3)
  9 bats
  A giant newt (D:1)
  6 goblins
  10 kobolds
  13 rats
74 creatures vanquished.

Notes
Turn   | Place    | Note
--------------------------------------------------------------
     0 | D:1      | FIQ the Merfolk Gladiator began the quest for the Orb.
     0 | D:1      | Reached XP level 1. HP: 16/16 MP: 1/1
   226 | D:1      | Reached XP level 2. HP: 23/23 MP: 2/2
   362 | D:1      | Reached skill level 5 in Polearms
   884 | D:2      | Reached XP level 3. HP: 28/28 MP: 3/3
  1040 | D:2      | Reached XP level 4. HP: 20/35 MP: 4/4
  1214 | D:2      | Reached skill level 6 in Polearms
  1280 | D:2      | Found an opulent altar of Gozag.
  1306 | D:2      | Became a worshipper of Gozag Ym Sagoz the Greedy
  1614 | D:2      | Reached XP level 5. HP: 18/41 MP: 5/5
  2373 | D:3      | Reached skill level 5 in Dodging
  2431 | D:3      | Found a blossoming altar of Fedhas.
  2513 | D:3      | Found a basalt altar of Yredelemnul.
  3113 | D:4      | HP: 2/41 [poisoned by a scorpion]
  3120 | D:4      | Reached skill level 7 in Polearms
  3360 | D:4      | Found a white marble altar of Elyvilon.
  3398 | D:4      | Noticed an ogre
  3415 | D:4      | Mangled by an ogre

Vault maps used:
D:1:      dpeg_arrival_long_road
D:2:      nicolae_gozag_cash_rules_everything_around_me
D:3:      lemuel_coloured_pillars_altar, first_bread, fedhas_altar_3
D:4:      gammafunk_temple_overflow_pools, old_standard_altar,
          lemuel_round_altar, nemelex_deck, uniq_pikel

Action                   |  1- 3 |  4- 6 || total
-------------------------+-------+-------++-------
Melee: Trident           |    70 |   185 ||   255
Invok: Potion Petition   |       |     1 ||     1
  Use: Potion            |       |     4 ||     4
 Stab: Sleeping          |     4 |       ||     4
  Eat: Chunk             |       |     2 ||     2
       Bread ration      |       |     2 ||     2
